 Dungeon Crawl Stone Soup version 0.29.1-1-gd02db6906a (webtiles) character file.

Game seed: 13551026907924926052

5726 LabCoat the Cleaver (level 10, -2/83 (88) HPs)
             Began as a Hill Orc Fighter on Sept 16, 2022.
             Was a Believer of Trog.
             Slain by a spectral orc knight
             ... wielding a +0 great sword
             ... summoned by Nergalle
              (4 damage)
             ... on level 10 of the Dungeon.
             The game lasted 00:26:56 (10853 turns).

LabCoat the Cleaver (Hill Orc Fighter)             Turns: 10853, Time: 00:26:57

HP:   -2/83 (88)    AC: 23    Str: 24    XL:     10   Next: 77%
MP:   14/14         EV:  5    Int:  8    God:    Trog [**....]
Gold: 687           SH: 10    Dex: 10    Spells: 15/15 levels left

rFire   . . .      SeeInvis +   a - +0 war axe
rCold   . . .      Faith    +   y - +1 kite shield
rNeg    . . .      Spirit   .   F - +0 plate armour
rPois   .          Reflect  .   r - +1 helmet
rElec   .          Harm     .   i - +1 cloak
rCorr   .          Rampage  .   g - +1 pair of gloves
Will    .....      Rnd*Tele +   k - +2 pair of boots
Stlth   ..........              C - amulet of faith
HPRegen 0.23/turn               w - ring of see invisible
MPRegen 0.14/turn               (no ring)

@: lethally poisoned (-2 -> -8), on berserk cooldown, slowed, drained, very slow
A: teleportitis 1
a: Renounce Religion, Berserk, Trog's Hand


You were on level 10 of the Dungeon.
You worshipped Trog.
Trog was pleased with you.
You visited 2 branches of the dungeon, and saw 11 of its levels.
You also visited: Sewer.

You collected 687 gold pieces.

Inventory:

Hand Weapons
 a - a +0 war axe (weapon)
 J - a +0 morningstar
Missiles
 b - a throwing net
 q - 25 poisoned darts (quivered)
Armour
 c - a +0 buckler
 g - a +1 pair of gloves (worn)
 i - a +1 cloak (worn)
 j - +0 ice dragon scales
 k - a +2 pair of boots (worn)
 l - the +4 ring mail of the Lich-sworn {Contam rElec SInv}
   (You found it on level 4 of the Dungeon)

   rElec:     It insulates you from electricity.
   SInv:      It lets you see invisible.
   Contam:    It causes magical contamination when unequipped.
 r - a +1 helmet (worn)
 y - a +1 kite shield (worn)
 F - a +0 plate armour (worn)
Jewellery
 w - a ring of see invisible (left hand)
 C - an amulet of faith (around neck)
 E - a ring of resist corrosion
Wands
 h - a wand of mindburst (10)
 n - a wand of flame (4)
 A - a wand of light (5)
 B - a wand of polymorph (2)
 G - a wand of paralysis (12)
Scrolls
 d - 7 scrolls of teleportation
 f - 2 scrolls of enchant weapon
 s - a scroll of blinking {unknown}
 u - a scroll of amnesia {unknown}
 v - a scroll of immolation {unknown}
 x - 2 scrolls of poison
 D - a scroll of summoning {unknown}
 H - 2 scrolls of enchant armour
Potions
 e - 4 potions of curing
 m - 6 potions of flight
 o - 2 potions of brilliance
 p - 2 potions of might
 t - a potion of haste
 z - 2 potions of ambrosia


   Skills:
 + Level 7.8 Fighting
 * Level 11.1 Axes
 + Level 4.9 Throwing
 + Level 7.3 Armour
 + Level 7.0 Shields
 - Level 3.1 Spellcasting
 + Level 5.2 Evocations


You had 15 spell levels left.
You didn't know any spells.
Your spell library contained the following spells:

 Spells                   Type           Power      Damage    Failure   Level
 Magic Dart               Conj           4%         1d3       100%        1
 Call Imp                 Summ           1%         N/A       100%        2
 Poisonous Vapours        Pois/Air       2%         N/A       100%        2
 Mephitic Cloud           Conj/Pois/Air  1%         N/A       100%        3
 Airstrike                Air            0%         2d(1-17)  100%        4
 Corpse Rot               Necr/Pois/Air  1%         N/A       100%        4
 Summon Lightning Spire   Summ/Air       1%         N/A       100%        4
 Lightning Bolt           Conj/Air       0%         1d11      100%        5


Dungeon Overview and Level Annotations

Branches:
Dungeon (10/15)            Temple (1/1) D:7             Orc (0/2) D:9
  Sewer (visited)
   Lair: D:8-11

Altars:
Ashenzari
Cheibriados
Dithmenos
Fedhas
Gozag
Hepliaklqana
Kikubaaqudgha
Makhleb
Nemelex Xobeh
Okawaru
Qazlal
Ru
Sif Muna
Trog
Uskayaw
Xom
Yredelemnul
Zin
The Shining One

Shops:
D:1 (

Annotations:
D:8 3 runed translucent doors, nawrastar's ghost, novice MfBe
D:10 Lodul; Nergalle


Innate Abilities, Weirdness & Mutations

You are occasionally teleported next to monsters.


Message History

Nergalle is severely wounded.
You hit the spectral orc knight.
Your skin stops crawling.
You feel less strong-willed.
Nergalle gestures at you while chanting.
Orcish apparitions take form around you.
You hit Nergalle.
Nergalle is severely wounded.
You hit the spectral orc knight but do no damage.
The spectral orc knight hits you with a +0 great sword.
You feel drained.
The spectral orc warrior barely misses you.
Nergalle barely misses you.
You closely miss Nergalle.
Nergalle is severely wounded.
You slash the spectral orc knight!
You are no longer berserk.
You are exhausted.
You feel yourself slow down.
You block the spectral orc warrior's attack.
You block the spectral orc knight's attack.
The spectral orc warrior hits you from afar with a +0 glaive!
* * * LOW HITPOINT WARNING * * *
Nergalle closely misses you.
You hit Nergalle.
Nergalle is severely wounded.
You barely miss the spectral orc knight.
You hit the spectral orc warrior.
You block the spectral orc warrior's attack.
The spectral orc warrior unwields a +0 arbalest.
You block the spectral orc warrior's attack.
The spectral orc knight hits you with a +0 great sword!
* * * LOW HITPOINT WARNING * * *
You feel drained.
* * * LOW HITPOINT WARNING * * *
The spectral orc warrior barely misses you.
Nergalle hits you but does no damage.
You are lethally poisoned!
You block the spectral orc warrior's attack.
The spectral orc knight hits you with a +0 great sword.
You die...

..........#
#.........#
##.....§..##
....~~~.§...
#....~...#
#....~~..#
#...Zo..Z#
#....Z@..#
#......Z.#
##########


You could see Nergalle, 3 spectral orc warriors and a spectral orc knight
(summoned).

Vanquished Creatures
  Joseph (D:9)
  A kobold demonologist (D:7)
  A hornet (D:8)
  A wyvern (D:8)
  8 yaks
  2 steam dragons
  A swamp drake (D:9)
  A water moccasin (D:7)
  3 orc warriors (D:9)
  3 ice beasts
  A sky beast (D:7)
  3 ogres (D:6)
  3 centaurs
  A phantom (D:6)
  2 kobold brigands
  A gnoll sergeant (D:7)
  A necrophage (D:7)
  3 scorpions
  4 wights (D:8)
  6 killer bees
  4 howler monkeys (D:9)
  2 jellies
  5 orc priests
  A hound (D:6)
  5 iguanas
  A merfolk siren (Sewer)
  10 orc wizards
  A merfolk avatar (Sewer)
  4 gnolls (D:7)
  8 adders
  A river rat (Sewer)
  A shadow imp (D:7)
  2 white imps
  3 dart slugs
  29 orcs
  12 ball pythons
  4 bats
  11 endoplasms
  9 giant cockroaches
  8 hobgoblins
  17 kobolds
  6 quokkas
  9 frilled lizards
  6 goblins
  A goblin zombie (D:7)
  31 rats
238 creatures vanquished.

Notes
Turn   | Place    | Note
-------+----------+-------------------------------------------
     0 | D:1      | LabCoat the Hill Orc Fighter began the quest for the Orb.
     0 | D:1      | Reached XP level 1. HP: 19/19 MP: 1/1
   231 | D:1      | Reached skill level 3 in Axes
   234 | D:1      | Reached XP level 2. HP: 27/27 MP: 2/2
   274 | D:1      | Found Luinwibi's Antique Weapon Shop.
   750 | D:1      | Reached XP level 3. HP: 33/33 MP: 3/3
   937 | D:2      | Found a faded altar of an unknown god.
  1088 | D:2      | Identified the +1 whip of the Lost Nightingales {spect,
                  | rF+++ Str+4 Int+4}
  1984 | D:3      | Found a glowing drain.
  1996 | D:3      | Reached XP level 4. HP: 35/40 MP: 5/5
  2004 | Sewer    | Entered a sewer
  2163 | Sewer    | Reached skill level 4 in Axes
  2163 | Sewer    | Reached skill level 1 in Spellcasting
  2223 | Sewer    | Reached XP level 5. HP: 46/46 MP: 6/6
  2271 | Sewer    | Reached skill level 1 in Throwing
  2282 | Sewer    | Noticed a malarious merfolk avatar
  2299 | Sewer    | Killed a malarious merfolk avatar
  3544 | D:4      | Identified the +4 ring mail of the Lich-sworn {Contam rElec
                  | SInv}
  3587 | D:4      | Reached XP level 6. HP: 53/53 MP: 7/7
  3832 | D:4      | Reached skill level 5 in Axes
  4151 | D:5      | Entered Level 5 of the Dungeon
  4376 | D:5      | Reached skill level 1 in Evocations
  4376 | D:5      | Reached XP level 7. HP: 60/60 MP: 9/9
  4660 | D:6      | Reached skill level 5 in Fighting
  4660 | D:6      | Reached skill level 6 in Axes
  4842 | D:6      | Reached XP level 8. HP: 68/68 MP: 11/11
  4880 | D:6      | Reached skill level 5 in Armour
  4901 | D:6      | Reached skill level 7 in Axes
  4901 | D:6      | Reached skill level 5 in Shields
  6222 | D:7      | Reached skill level 8 in Axes
  6222 | D:7      | Reached XP level 9. HP: 57/75 MP: 13/13
  6361 | D:7      | Noticed a kobold demonologist
  6366 | D:7      | Noticed a soul eater
  6372 | D:7      | Killed a kobold demonologist
  7656 | D:7      | Found a staircase to the Ecumenical Temple.
  7667 | Temple   | Entered the Ecumenical Temple
  7704 | Temple   | Became a worshipper of Trog the Wrathful
  7833 | D:8      | Reached skill level 9 in Axes
  7988 | D:8      | Noticed a hornet
  7994 | D:8      | Paralysed by a hornet for 1 turns
  7996 | D:8      | Killed a hornet
  8269 | D:8      | Reached XP level 10. HP: 79/84 MP: 14/14
  8321 | D:8      | Found a runed translucent gate.
  8321 | D:8      | Found a runed translucent gate.
  8321 | D:8      | Found a runed translucent gate.
  8321 | D:8      | Found an opulent altar of Gozag.
  8323 | D:8      | Noticed nawrastar's ghost (novice MfBe)
  8323 | D:8      | Noticed a tengu warrior
  8420 | D:8      | Found a shimmering altar of Xom.
  8421 | D:8      | Found a shimmering altar of Xom.
  8441 | D:8      | Found a shimmering altar of Xom.
  8441 | D:8      | Found a shimmering altar of Xom.
  8442 | D:8      | Found a shimmering altar of Xom.
  8629 | D:8      | Found a shimmering blue altar of Sif Muna.
  8788 | D:8      | Reached skill level 10 in Axes
  9095 | D:9      | Reached * piety under Trog
  9363 | D:9      | Noticed Joseph
  9393 | D:9      | Killed Joseph
  9807 | D:9      | Gained mutation: You are occasionally teleported next to
                  | monsters. [mutagenic glow]
 10376 | D:9      | Reached skill level 5 in Evocations
 10387 | D:9      | Reached skill level 11 in Axes
 10391 | D:9      | Reached ** piety under Trog
 10465 | D:9      | Found a staircase to the Orcish Mines.
 10662 | D:10     | Entered Level 10 of the Dungeon
 10696 | D:10     | Noticed a boulder beetle
 10711 | D:10     | Noticed Lodul
 10716 | D:10     | Found a blossoming altar of Fedhas.
 10835 | D:10     | Noticed Nergalle
 10853 | D:10     | HP: 2/83 [spectral orc knight/+0 great sword[Nergalle] (4)]
 10853 | D:10     | Slain by a spectral orc knight

Illustrated notes

Levels and vault maps discovered:
D:1:      minmay_arrival_widening_spiral_wide, layout_basic, serial_shops,
          nicolae_shop_temple_entry_statues_fountains
D:2:      layout_rooms, serial_co_window_serial, co_window_paths_a,
          co_window_paths_a, co_window_of_opportunity_a, co_window_paths_a,
          co_window_paths_a, co_window_2corner, co_window_corner_b,
          co_window_paths_c, co_window_corner_b, co_window_broadway_c,
          co_window_paths_e, co_window_4corner_a, glass_columns_a,
          hellmonk_ecumenical_altar_run_dry, kennysheep_flooded_box,
          dreamdust_princess_corridor
D:3:      minmay_bubble_buster, layout_loops_ring, portal_sewer_entry_d
D:4:      layout_basic
D:5:      layout_cave_pools
D:6:      layout_rooms
D:7:      layout_layer_cave, minmay_temple_entry_grid, enter_ossuary_3
D:8:      layout_loops_ring, xom_redecorated, nicolae_sif_muna_little_library,
          ebering_ghost_gozag
D:9:      layout_basic, erik_orc_1, uniq_joseph
D:10:     layout_basic, fedhas_altar_1, uniq_nergalle, uniq_lodul
Temple:   compressed_dpeg_triangle_lava_temple

Skill      XL: |  1  2  3  4  5  6  7  8  9 10 |
---------------+-------------------------------+-----
Axes           | 3 4 5 6 8 9 11 | 11.1
Fighting       | 4 5 6 7 |  7.8
Spellcasting   | 1 2 3 |  3.1
Throwing       | 1 2 3 4 |  4.9
Armour         | 4 5 6 7 |  7.3
Shields        | 4 5 6 7 |  7.0
Evocations     | 1 2 3 4 5 |  5.2

Action                   |  1- 3 |  4- 6 |  7- 9 | 10-12 || total
-------------------------+-------+-------+-------+-------++-------
Melee: War axe           |   122 |   237 |   263 |   221 ||   843
Throw: Dart              |     3 |    16 |    50 |     6 ||    75
Invok: Berserk           |       |       |       |     3 ||     3
       Trog's Hand       |       |       |       |     1 ||     1
Evoke: Wand              |       |       |    13 |     7 ||    20
  Use: Scroll            |     5 |     5 |     5 |     6 ||    21
       Potion            |       |     3 |     1 |     2 ||     6
 Stab: Invisible         |       |     1 |     1 |       ||     2
       Paralysed         |       |       |       |    10 ||    10
Armor: Scale mail        |    23 |       |       |       ||    23
       Chain mail        |    42 |    95 |       |       ||   137
       Ring mail         |       |    42 |   179 |    74 ||   295
       Plate armour      |       |       |       |    44 ||    44
Dodge: Dodged            |    52 |   111 |   109 |    58 ||   330
Block: Buckler           |    31 |    43 |    28 |       ||   102
       Kite shield       |       |       |    63 |   105 ||   168
